AoeStats
← mryendl2410

Arena

509870132Analyzed
4v4 RM · 4d ago on Sep 28, 2026· 61m 23s· 8 players
Game mode
Random Map
Map size
Large (8 player)
Population
200
Speed
Normal
Resources
Standard
Victory
Conquest
Starting age
Dark Age
Ending age
Imperial Age
RankedLock teamsTeams togetherTeam positionsShared explorationLock speedFull tech treeHidden civsTurbo modeCheats
Victory
Defeat
🇭🇰 Celts · Hong Kong SAR China
1370
+13
🇭🇰 Vietnamese · Hong Kong SAR China
1273
+17
🇨🇳 Jurchens · China
1258
+18
🇨🇳 Japanese · China
1188
+20
🇻🇳 Slavs · Vietnam
1350
-19
🇻🇳 Italians · Vietnam
1337
-19
🇵🇪 Khmer · Peru
1269
-16
🇧🇪 Portuguese · Belgium
1223
-14
Jso
10:52 Feudal Age
14:47 Castle Age
13:12 Double-Bit Axe
13:47 Horse Collar
15:47 Bow Saw
15:34 Loom
18:03 Fletching
24:25 Imperial Age
22:25 Heavy Plow
23:22 Gold Mining
23:33 Bodkin Arrow
24:50 Wheelbarrow
25:31 Padded Archer Armor
26:37 Bracer
31:07 Hand Cart
35:42 Town Watch
37:13 Two-Man Saw
39:35 Ballistics
39:14 Elite Skirmisher
39:59 Thumb Ring
40:11 Leather Archer Armor
41:28 Stone Mining
41:28 Imperial Skirmisher
44:28 Ring Archer Armor
45:00 Chemistry
44:41 Town Patrol
45:25 Scale Barding Armor
45:31 Forging
47:34 Stone Shaft Mining
48:51 Husbandry
49:02 Bloodlines
49:13 Chain Barding Armor
50:34 Fortified Wall
50:00 Elite Battle Elephant
52:36 Plate Barding Armor
53:18 Iron Casting
54:02 Crop Rotation
60:07 Paper Money
59:52 Chatras
Wudi_Ganggang
12:13 Feudal Age
13:25 Double-Bit Axe
13:44 Horse Collar
16:20 Castle Age
14:39 Stone Mining
17:54 Bow Saw
18:05 Heavy Plow
19:20 Wheelbarrow
22:29 Hand Cart
22:49 Gold Mining
25:07 Gold Shaft Mining
27:01 Fletching
27:11 Padded Archer Armor
27:37 Treadmill Crane
28:22 Ballistics
31:13 Imperial Age
30:06 Thumb Ring
30:20 Masonry
30:16 Bodkin Arrow
30:37 Leather Archer Armor
32:20 Conscription
32:23 Kataparuto
33:08 Chemistry
32:17 Siege Engineers
32:16 Bracer
33:00 Parthian Tactics
32:27 Heavy Cavalry Archer
34:18 Ring Archer Armor
41:43 Two-Man Saw
40:56 Forging
40:47 Scale Mail Armor
40:53 Squires
40:13 Pikeman
40:39 Arson
41:29 Halberdier
59:30 Iron Casting
59:10 Chain Mail Armor
只爆叉叉
10:45 Feudal Age
11:27 Double-Bit Axe
14:23 Castle Age
13:54 Horse Collar
15:37 Bow Saw
15:31 Heavy Plow
21:47 Stone Mining
22:16 Gold Mining
23:08 Wheelbarrow
23:09 Loom
24:12 Hand Cart
26:11 Scale Barding Armor
26:16 Forging
29:12 Imperial Age
27:45 Chain Barding Armor
27:19 Treadmill Crane
27:48 Husbandry
27:58 Bloodlines
28:28 Iron Casting
30:37 Conscription
30:19 Scale Mail Armor
30:05 Elite Steppe Lancer
31:41 Scale Mail Armor
32:19 Plate Barding Armor
32:44 Blast Furnace
34:04 Scale Mail Armor
34:40 Squires
34:26 Arson
34:02 Pikeman
34:37 Halberdier
37:47 Chain Mail Armor
39:57 Two-Man Saw
40:24 Coinage
42:20 Banking
47:07 Capped Ram
48:00 Light Cavalry
49:07 Hussar
50232516
5:27 Loom
11:23 Feudal Age
15:15 Castle Age
13:34 Double-Bit Axe
34:08 Horse Collar
35:36 Wheelbarrow
37:56 Hand Cart
37:27 Town Watch
41:23 Imperial Age
41:01 Fletching
41:06 Stronghold
41:49 Gold Mining
42:10 Bow Saw
41:53 Stone Mining
42:41 Conscription
42:12 Onager
44:51 Siege Engineers
45:47 Chemistry
45:08 Ballistics
45:43 Capped Ram
50:36 Furor Celtica
51:17 Heavy Scorpion
52:26 Heavy Scorpion
56:28 Siege Ram
Escala
10:57 Feudal Age
13:55 Castle Age
13:26 Horse Collar
14:38 Double-Bit Axe
20:49 Scale Barding Armor
26:10 Wheelbarrow
26:08 Loom
27:12 Hand Cart
26:52 Gold Mining
30:05 Imperial Age
28:08 Forging
28:16 Bloodlines
28:07 Husbandry
28:07 Stone Mining
28:02 Light Cavalry
29:44 Stone Shaft Mining
29:46 Gold Shaft Mining
29:22 Bow Saw
31:14 Chain Barding Armor
32:13 Iron Casting
33:32 Conscription
34:15 Fletching
35:13 Double Crossbow
36:00 Plate Barding Armor
35:23 Bodkin Arrow
37:24 Bracer
38:21 Hussar
39:31 Elite Ballista Elephant
41:24 Chemistry
46:16 Ballistics
48:45 Blast Furnace
56:39 Plate Barding Armor
mryendl2410
5:20 Loom
13:05 Feudal Age
16:53 Castle Age
14:48 Double-Bit Axe
14:43 Horse Collar
15:07 Gold Mining
22:11 Imperial Age
20:12 Fletching
21:37 Stone Mining
22:01 Bodkin Arrow
26:59 Bracer
28:19 Padded Archer Armor
28:21 Heavy Plow
28:32 Bow Saw
29:34 Leather Archer Armor
29:42 Ballistics
32:22 Chemistry
33:53 Wheelbarrow
34:11 Town Watch
39:26 Ring Archer Armor
39:07 Elite Skirmisher
39:54 Thumb Ring
44:15 Two-Man Saw
43:45 Crop Rotation
48:03 Hand Cart
47:59 Scale Mail Armor
48:43 Forging
48:49 Chain Mail Armor
49:54 Squires
57:11 Crossbowman
59:44 Arbalester
noumha
11:38 Feudal Age
15:38 Castle Age
25:47 Imperial Age
26:23 Loom
29:53 Fletching
52:27 Chemistry
piecardinap
12:13 Feudal Age
16:10 Castle Age
14:19 Horse Collar
14:33 Double-Bit Axe
14:58 Horse Collar
16:57 Gold Mining
20:15 Wheelbarrow
21:06 Bow Saw
20:58 Heavy Plow
23:23 Stone Mining
24:25 Scale Barding Armor
30:26 Imperial Age
27:45 Loom
29:58 Chain Barding Armor
29:53 Bloodlines
29:43 Husbandry
30:24 Forging
31:15 Hand Cart
31:13 Detinets
32:58 Plate Barding Armor
32:59 Iron Casting
33:19 Conscription
33:02 Town Watch
33:51 Elite Boyar
35:36 Blast Furnace
35:50 Two-Man Saw
34:57 Fletching
38:01 Bodkin Arrow
38:49 Light Cavalry
39:24 Hussar
50:21 Padded Archer Armor
50:38 Elite Skirmisher
51:34 Leather Archer Armor
51:43 Ballistics
52:24 Chemistry
53:13 Ring Archer Armor
Connection lost

Rejoining the realm…

Still unreachable

The connection could not be restored.

Session expired

The server has moved on; the page needs a fresh start.